 Dungeon Crawl Stone Soup version 0.22.0 (webtiles) character file.

72 Blackhawk the Skirmisher (level 4, -1/50 HPs)
             Began as an Ogre Fighter on Oct 21, 2018.
             Was an Initiate of Elyvilon.
             Slain by a leopard gecko (2 damage)
             ... on level 2 of the Dungeon.
             The game lasted 00:02:53 (1361 turns).

Blackhawk the Skirmisher (Ogre Fighter)             Turns: 1361, Time: 00:02:54

Health: -1/50      AC:  3    Str: 21    XL:     4   Next: 25%
Magic:  4/4        EV:  7    Int:  9    God:    Elyvilon [......]
Gold:   67         SH:  8    Dex:  8    Spells: 3/3 levels left

rFire    . . .     SeeInvis .   a - +0 flail
rCold    . . .     Gourm    .   c - +0 shield
rNeg     . . .     Faith    .   b - +0 robe
rPois    .         Spirit   .   (helmet restricted)
rElec    .         Reflect  .   (no cloak)
rCorr    .         Harm     .   (gloves unavailable)
MR       .....                  (boots unavailable)
Stlth    +.........             (no amulet)
HPRegen  0.16/turn              (no ring)
MPRegen  0.09/turn              (no ring)

@: drained
A: large, unfitting armour, tough skin 1
a: Renounce Religion


You were on level 2 of the Dungeon.
You worshipped Elyvilon.
Elyvilon was noncommittal.
You were not hungry.

You visited 1 branch of the dungeon, and saw 2 of its levels.

You collected 67 gold pieces.

Inventory:

Hand Weapons
 a - a +0 flail (weapon)
Armour
 b - a +0 robe (worn)
 c - a +0 shield (worn)
 e - a +0 ring mail
Scrolls
 i - a scroll of remove curse {unknown}
 j - a scroll of fog {unknown}
 k - 2 scrolls of identify {unknown}
 l - a scroll of enchant armour {unknown}
 n - a scroll of teleportation {unknown}
 o - a scroll of immolation {unknown}
Potions
 d - a potion of might
 h - a potion of lignification {unknown}
 m - a potion of heal wounds {unknown}
Comestibles
 f - 4 rations
 g - 4 chunks of flesh


   Skills:
 + Level 5.0(3.9) Fighting
 + Level 2.7(1.7) Maces & Flails
 - Level 2.6(1.7) Dodging
 + Level 3.4(2.4) Shields


You had 3 spell levels left.
You didn't know any spells.
Your spell library was empty.

Dungeon Overview and Level Annotations

Branches:
Dungeon (2/15)

Altars:
Elyvilon


Innate Abilities, Weirdness & Mutations

You are too large for most types of armour.
You have tough skin. (AC +1)


Message History

You are too injured to fight recklessly!
You are too injured to fight recklessly!
You barely miss the jackal. You block the jackal's attack.
The jackal barely misses you.
You barely miss the jackal. The jackal bites you.
* * * LOW HITPOINT WARNING * * *
The jackal bites you.
* * * LOW HITPOINT WARNING * * *
You sock the jackal!
You kill the jackal!
The leopard gecko bites you.
* * * LOW HITPOINT WARNING * * *
You closely miss the leopard gecko.
The leopard gecko is heavily wounded.
The leopard gecko bites you.
* * * LOW HITPOINT WARNING * * *
You miss the leopard gecko.
The leopard gecko is heavily wounded.
The leopard gecko bites you.
You die...

.######......#
#.#.##### .#
######.#
#.#.#.#... .#
#####.#
#.#.#.#.######
.# #...#.#
#.#...........
.#######.#.#.#
#.#...#...####
...........#.#
#.#...#...#
########.###.#
#.#...#.....
.............#
#.#(..#######
#.######.#####
#@#........
#.#### #.#
#l#..####.##
#....###.#####
#.#...####.#
..##.##......#
#........†$#
...#.###.###.#
####..##..#...#
._.......# #.#
........## #).
....###..# #.#
########.#
#...# ##.# #.#
.... ..### #.#
#)# ###.#


You could see a leopard gecko.

Vanquished Creatures
  An adder (D:2)
  2 oozes (D:1)
  A worm (D:2)
  2 dart slugs (D:1)
  6 bats
  3 giant cockroaches (D:1)
  5 goblins
  3 hobgoblins
  A jackal (D:2)
  A quokka (D:2)
  A ball python (D:1)
  3 frilled lizards (D:1)
  9 kobolds
  10 rats
48 creatures vanquished.

Notes
Turn   | Place    | Note
-------+----------+-------------------------------------------
     0 | D:1      | Blackhawk the Ogre Fighter began the quest for the Orb.
     0 | D:1      | Reached XP level 1. HP: 24/24 MP: 1/1
    45 | D:1      | Reached XP level 2. HP: 26/32 MP: 2/2
   290 | D:1      | Reached XP level 3. HP: 38/40 MP: 3/3
   783 | D:2      | Found a white marble altar of Elyvilon.
   791 | D:2      | Became a worshipper of Elyvilon the Healer
  1137 | D:2      | Reached XP level 4. HP: 39/49 MP: 4/4
  1339 | D:2      | Reached skill level 5 in Fighting
  1360 | D:2      | HP: 1/50 [leopard gecko (2)]
  1361 | D:2      | Slain by a leopard gecko

Skill      XL: |  1  2  3  4 |
---------------+-------------+-----
Maces & Flails | 2 |  2.7
Shields        | 3 |  3.4
Fighting       | 5 |  5.0
Dodging        | |  2.6

Action                   |  1- 3 |  4- 6 || total
-------------------------+-------+-------++-------
Melee: Flail             |   137 |    19 ||   156
  Eat: Chunk             |     1 |     1 ||     2
Armor: Robe              |    42 |    12 ||    54
Dodge: Dodged            |    49 |     8 ||    57
Block: Shield            |    59 |    10 ||    69
